| TOP OF THE 1ST |
|
Fort Wayne TinCaps batting - Pitching for Kane County Cougars : RHP Eric Richards
|
|
Pitching: RHP Eric Richards
|
|
|
Batting: SHB Adam Martin
|
0-0: Ball 1-0: Foul Ball, location: 2F 1-1: Called Strike 1-2: Foul Ball, location: 2F 1-2: Foul Ball, location: 2F 1-2: Ball 2-2: Foul Ball, location: 2F 2-2: Foul Ball, location: 2F 2-2: Foul Ball, location: 2F 2-2: Fly out, F7 (Flyball, 7LS, EV 92.5 MPH)
|
|
Batting: LHB Angel Mejia
|
0-0: Foul Ball, location: 2F 0-1: Ball 1-1: Foul Ball, location: 2F 1-2: Foul Ball, location: 2F 1-2: Ball 2-2: Strikes out swinging
|
|
Batting: LHB James Sousa
|
0-0: Ball 1-0: Ball 2-0: Swinging Strike 2-1: Ball 3-1: Base on Balls
|
|
Batting: RHB Juan Martinez
|
0-0: Ball 1-0: Ball 2-0: Foul Ball, location: 2F 2-1: Ball 3-1: Base on Balls James Sousa to second
|
|
Batting: LHB Mike Schermerhorn
|
0-0: Ball 1-0: Ball 2-0: Ball 3-0: Called Strike 3-1: Called Strike 3-2: Base on Balls James Sousa to third Juan Martinez to second
|
|
Batting: RHB Mike Maserang
|
0-0: Called Strike 0-1: SINGLE (Flyball, 9S, EV 98.1 MPH) James Sousa scores Juan Martinez to third Mike Schermerhorn to second Runner from 3rd tries for Home, SAFE, throw by RF to home
|
|
Batting: SHB Josh Parker
|
0-0: Called Strike 0-1: Ball 1-1: Ball 2-1: Called Strike 2-2: SINGLE (Groundball, 6MS, EV 71.9 MPH) (infield hit) Mike Schermerhorn to third Mike Maserang to second
|
|
Batting: RHB Rich Justice
|
0-0: Ball 1-0: Called Strike 1-1: Ball 2-1: Called Strike 2-2: Fielders Choice at 2nd, 6-4 (Groundball, 6, EV 85.6 MPH)
|
| Top of the 1st over - 2 runs, 2 hits, 0 errors, 3 left on base; Fort Wayne 2 - Kane County 0 |
| BOTTOM OF THE 1ST |
|
Kane County Cougars batting - Pitching for Fort Wayne TinCaps : LHP Blaine Whitmore
|
|
Pitching: LHP Blaine Whitmore
|
|
|
Batting: RHB Franklin Villanueva
|
0-0: Swinging Strike 0-1: Ball 1-1: Foul Ball, location: 2F 1-2: Ball 2-2: TRIPLE (Line Drive, 78XD, EV 112.5 MPH)
|
|
Batting: LHB T.J. Duvall
|
0-0: Ball 1-0: Foul Ball, location: 2F 1-1: Foul Ball, location: 2F 1-2: Fly out, F9 (Flyball, 89S, EV 73.8 MPH)
|
|
Batting: RHB Dave Vargas
|
0-0: Ball 1-0: Ball 2-0: Called Strike 2-1: Ball 3-1: SINGLE (Line Drive, 6MD, EV 104.4 MPH) Franklin Villanueva scores
|
|
Batting: RHB Matt Maxwell
|
0-0: Ball 1-0: Called Strike 1-1: SINGLE (Groundball, 4MD, EV 96.9 MPH) Dave Vargas to second
|
|
Batting: RHB John Pena
|
0-0: Swinging Strike 0-1: Ball 1-1: Foul Ball, location: 2F 1-2: Ball 2-2: Foul Ball, location: 2F 2-2: Foul Ball, location: 2F 2-2: Ball 3-2: DOUBLE (Line Drive, 7LM, EV 106.3 MPH) Dave Vargas scores Matt Maxwell to third
|
|
Batting: RHB Marlon Reda
|
0-0: Ball 1-0: Ball 2-0: Ball 3-0: Called Strike 3-1: Base on Balls
|
|
Batting: RHB Curt Barrett
|
0-0: Ball 1-0: Ball 2-0: Called Strike 2-1: Foul Ball, location: 2F 2-2: Strikes out swinging
|
|
Batting: RHB Wes Santiago
|
0-0: Ground out 4-3 (Groundball, 34, EV 86.9 MPH)
|
| Bottom of the 1st over - 2 runs, 4 hits, 0 errors, 3 left on base; Fort Wayne 2 - Kane County 2 |
| TOP OF THE 2ND |
|
Fort Wayne TinCaps batting - Pitching for Kane County Cougars : RHP Eric Richards
|
|
Batting: RHB Nelson Trujillo
|
0-0: Called Strike 0-1: Ground out 6-3 (Groundball, 6, EV 104.4 MPH)
|
|
Batting: SHB Adam Martin
|
0-0: Called Strike 0-1: Ball 1-1: Ground out 4-3 (Groundball, 4, EV 85.6 MPH)
|
|
Batting: LHB Angel Mejia
|
0-0: Called Strike 0-1: Foul Ball, location: 2F 0-2: Ball 1-2: Ball 2-2: Ground out 4-3 (Groundball, 4, EV 103.8 MPH)
|
| Top of the 2nd over - 0 runs, 0 hits, 0 errors, 0 left on base; Fort Wayne 2 - Kane County 2 |
| BOTTOM OF THE 2ND |
|
Kane County Cougars batting - Pitching for Fort Wayne TinCaps : LHP Blaine Whitmore
|
|
Batting: LHB Brian Nielsen
|
0-0: Ball 1-0: Called Strike 1-1: Foul Ball, location: 2F 1-2: Strikes out swinging
|
|
Batting: RHB Franklin Villanueva
|
0-0: Called Strike 0-1: Ball 1-1: Ground out 5-3 (Groundball, 5S, EV 83.1 MPH)
|
|
Batting: LHB T.J. Duvall
|
0-0: Swinging Strike 0-1: Called Strike 0-2: Strikes out swinging
|
| Bottom of the 2nd over - 0 runs, 0 hits, 0 errors, 0 left on base; Fort Wayne 2 - Kane County 2 |
| TOP OF THE 3RD |
|
Fort Wayne TinCaps batting - Pitching for Kane County Cougars : RHP Eric Richards
|
|
Batting: LHB James Sousa
|
0-0: Swinging Strike 0-1: Ball 1-1: SINGLE (Groundball, 4MD, EV 96.9 MPH)
|
|
Batting: RHB Juan Martinez
|
0-0: Called Strike 0-1: SINGLE (Line Drive, 8LS, EV 101.3 MPH) James Sousa to second Runner from 2nd tries for 3rd, SAFE, throw by CF made to third
|
|
Batting: LHB Mike Schermerhorn
|
0-0: Ball Juan Martinez is caught stealing 2nd base 2-6 1-0: Called Strike 1-1: Ball 2-1: Swinging Strike 2-2: Strikes out looking
|
|
Batting: RHB Mike Maserang
|
0-0: Swinging Strike 0-1: Called Strike 0-2: Ball 1-2: Strikes out swinging
|
| Top of the 3rd over - 0 runs, 2 hits, 0 errors, 1 left on base; Fort Wayne 2 - Kane County 2 |
| BOTTOM OF THE 3RD |
|
Kane County Cougars batting - Pitching for Fort Wayne TinCaps : LHP Blaine Whitmore
|
|
Batting: RHB Dave Vargas
|
0-0: Ball 1-0: Ball 2-0: Ball 3-0: Called Strike 3-1: Called Strike 3-2: Foul Ball, location: 2F 3-2: Base on Balls
|
|
Batting: RHB Matt Maxwell
|
0-0: Ball 1-0: Ball Dave Vargas is caught stealing 2nd base 2-4 2-0: Called Strike 2-1: Called Strike 2-2: Strikes out swinging
|
|
Batting: RHB John Pena
|
0-0: Called Strike 0-1: Ball 1-1: Fly out, F8 (Flyball, 8RS, EV 83.8 MPH)
|
| Bottom of the 3rd over - 0 runs, 0 hits, 0 errors, 0 left on base; Fort Wayne 2 - Kane County 2 |
| TOP OF THE 4TH |
|
Fort Wayne TinCaps batting - Pitching for Kane County Cougars : RHP Eric Richards
|
|
Batting: SHB Josh Parker
|
0-0: Called Strike 0-1: Swinging Strike 0-2: Ball 1-2: Ground out 4-3 (Groundball, 4, EV 93.8 MPH)
|
|
Batting: RHB Rich Justice
|
0-0: Called Strike 0-1: Ground out 5-3 (Groundball, 56S, EV 81.3 MPH)
|
|
Batting: RHB Nelson Trujillo
|
0-0: Ball 1-0: Fly out, F9 (Flyball, 89D, EV 86.9 MPH)
|
| Top of the 4th over - 0 runs, 0 hits, 0 errors, 0 left on base; Fort Wayne 2 - Kane County 2 |
| BOTTOM OF THE 4TH |
|
Kane County Cougars batting - Pitching for Fort Wayne TinCaps : LHP Blaine Whitmore
|
|
Batting: RHB Marlon Reda
|
0-0: Called Strike 0-1: Ball 1-1: Fly out, F4 (Popup, 4, EV 58.8 MPH)
|
|
Batting: RHB Curt Barrett
|
0-0: Ground out U3 (Groundball, 34S, EV 71.3 MPH)
|
|
Batting: RHB Wes Santiago
|
0-0: Ball 1-0: Ball 2-0: Ball 3-0: Base on Balls
|
|
Batting: LHB Brian Nielsen
|
0-0: Ball 1-0: Fielders Choice at 2nd, 6-4 (Groundball, 6, EV 90.6 MPH)
|
| Bottom of the 4th over - 0 runs, 0 hits, 0 errors, 1 left on base; Fort Wayne 2 - Kane County 2 |
| TOP OF THE 5TH |
|
Fort Wayne TinCaps batting - Pitching for Kane County Cougars : RHP Eric Richards
|
|
Batting: SHB Adam Martin
|
0-0: Called Strike 0-1: Called Strike 0-2: Ball 1-2: Foul Ball, location: 2F 1-2: Ball 2-2: SINGLE (Line Drive, 7S, EV 98.1 MPH)
|
|
Batting: LHB Angel Mejia
|
0-0: Foul Ball, location: 2F 0-1: Ball 1-1: SINGLE (Line Drive, 8LS, EV 105.0 MPH) Adam Martin to second
|
|
Batting: LHB James Sousa
|
0-0: Swinging Strike 0-1: Called Strike 0-2: Strikes out swinging
|
|
Batting: RHB Juan Martinez
|
0-0: Foul Ball, location: 2F 0-1: Swinging Strike 0-2: Ball 1-2: Strikes out swinging
|
|
Batting: LHB Mike Schermerhorn
|
0-0: Fly out, F8 (Flyball, 8RD, EV 76.3 MPH)
|
| Top of the 5th over - 0 runs, 2 hits, 0 errors, 2 left on base; Fort Wayne 2 - Kane County 2 |
| BOTTOM OF THE 5TH |
|
Kane County Cougars batting - Pitching for Fort Wayne TinCaps : LHP Blaine Whitmore
|
|
Batting: RHB Franklin Villanueva
|
0-0: Ball 1-0: Ball 2-0: Foul Ball, location: 2F 2-1: Ground out 6-3 (Groundball, 6, EV 113.8 MPH)
|
|
Batting: LHB T.J. Duvall
|
0-0: Ball 1-0: Called Strike 1-1: Ball 2-1: Swinging Strike 2-2: Strikes out swinging
|
|
Batting: RHB Dave Vargas
|
0-0: Ball 1-0: Foul Ball, location: 2F 1-1: Ball 2-1: Ball 3-1: Fly out, F7 (Flyball, 78M, EV 86.9 MPH)
|
| Bottom of the 5th over - 0 runs, 0 hits, 0 errors, 0 left on base; Fort Wayne 2 - Kane County 2 |
| TOP OF THE 6TH |
|
Fort Wayne TinCaps batting - Pitching for Kane County Cougars : RHP Eric Richards
|
|
Pitching: RHP Ming-feng Pi
|
|
|
Batting: RHB Mike Maserang
|
0-0: Ball 1-0: Ball 2-0: Foul Ball, location: 2F 2-1: Called Strike 2-2: Strikes out looking
|
|
Batting: SHB Josh Parker
|
0-0: Called Strike 0-1: Fly out, F7 (Flyball, 7, EV 90.0 MPH)
|
|
Batting: RHB Rich Justice
|
0-0: Ball 1-0: Foul Ball, location: 2F 1-1: Ball 2-1: Ball 3-1: Base on Balls
|
|
Batting: RHB Nelson Trujillo
|
0-0: Ball Rich Justice is caught stealing 2nd base 2-4
|
| Top of the 6th over - 0 runs, 0 hits, 0 errors, 0 left on base; Fort Wayne 2 - Kane County 2 |
| BOTTOM OF THE 6TH |
|
Kane County Cougars batting - Pitching for Fort Wayne TinCaps : LHP Blaine Whitmore
|
|
Pitching: RHP Andre Wiltz
|
|
|
Batting: RHB Matt Maxwell
|
0-0: Ball 1-0: Swinging Strike 1-1: Foul Ball, location: 2F 1-2: Ball 2-2: Strikes out swinging
|
|
Batting: RHB John Pena
|
0-0: Called Strike 0-1: Ball 1-1: Called Strike 1-2: Foul Ball, location: 2F 1-2: Foul Ball, location: 2F 1-2: SINGLE (Groundball, 6MD, EV 97.5 MPH)
|
|
Batting: RHB Marlon Reda
|
0-0: Grounds into double play, 6-4-3 (Groundball, 6, EV 76.3 MPH)
|
| Bottom of the 6th over - 0 runs, 1 hit, 0 errors, 0 left on base; Fort Wayne 2 - Kane County 2 |
| TOP OF THE 7TH |
|
Fort Wayne TinCaps batting - Pitching for Kane County Cougars : RHP Ming-feng Pi
|
|
Pitching: LHP Robert Fuentes
|
|
|
Batting: RHB Nelson Trujillo
|
0-0: Foul Ball, location: 2F 0-1: Foul Ball, location: 2F 0-2: Ball 1-2: Ground out 2-3 (Groundball, 15S, EV 61.9 MPH)
|
|
Batting: SHB Adam Martin
|
0-0: Ball 1-0: Foul Ball, location: 2F 1-1: Ball 2-1: SINGLE (Line Drive, 9S, EV 88.8 MPH)
|
|
Pitching: LHP Frank Rowe
|
|
|
Batting: LHB Angel Mejia
|
0-0: Swinging Strike 0-1: Ball 1-1: Ball 2-1: Swinging Strike 2-2: Ground out U3 (Groundball, 34S, EV 78.8 MPH) Adam Martin to second
|
|
Batting: RHB Melvin Villagomez
|
0-0: Foul Ball, location: 2F 0-1: Foul Ball, location: 2F 0-2: Ball 1-2: Strikes out swinging
|
| Top of the 7th over - 0 runs, 1 hit, 0 errors, 1 left on base; Fort Wayne 2 - Kane County 2 |
| BOTTOM OF THE 7TH |
|
Kane County Cougars batting - Pitching for Fort Wayne TinCaps : RHP Andre Wiltz
|
|
Pitching: RHP Roger Brennan
|
|
|
Batting: RHB Curt Barrett
|
0-0: Ground out 6-3 (Groundball, 6, EV 109.4 MPH)
|
|
Batting: RHB Wes Santiago
|
0-0: Called Strike 0-1: Foul Ball, location: 2F 0-2: Ball 1-2: Strikes out swinging
|
|
Batting: LHB Brian Nielsen
|
0-0: Ball 1-0: Ball 2-0: Foul Ball, location: 2F 2-1: Ground out 4-3 (Groundball, 4, EV 87.5 MPH)
|
| Bottom of the 7th over - 0 runs, 0 hits, 0 errors, 0 left on base; Fort Wayne 2 - Kane County 2 |
| TOP OF THE 8TH |
|
Fort Wayne TinCaps batting - Pitching for Kane County Cougars : LHP Frank Rowe
|
|
Pitching: RHP Jose Fernandez
|
|
|
Batting: RHB Juan Martinez
|
0-0: Ball 1-0: Foul Ball, location: 2F 1-1: Foul Ball, location: 2F 1-2: Foul Ball, location: 2F 1-2: Ball 2-2: Ball 3-2: Foul Ball, location: 2F 3-2: Foul Ball, location: 2F 3-2: SINGLE (Flyball, 3D, EV 95.6 MPH)
|
|
Batting: LHB Mike Schermerhorn
|
0-0: Called Strike Juan Martinez steals 2nd base (no throw) 0-1: Swinging Strike 0-2: Ball 1-2: Strikes out looking
|
|
Batting: RHB Mike Maserang
|
0-0: Called Strike 0-1: Swinging Strike 0-2: Foul Ball, location: 2F 0-2: Ball 1-2: Foul Ball, location: 2F 1-2: Ball 2-2: Strikes out swinging
|
|
Batting: SHB Josh Parker
|
0-0: Called Strike 0-1: Foul Ball, location: 2F 0-2: Ball 1-2: Ball 2-2: Foul Ball, location: 2F 2-2: Ball 3-2: Base on Balls
|
|
Batting: RHB Rich Justice
|
0-0: Called Strike 0-1: Ball 1-1: Called Strike 1-2: Strikes out looking
|
| Top of the 8th over - 0 runs, 1 hit, 0 errors, 2 left on base; Fort Wayne 2 - Kane County 2 |
| BOTTOM OF THE 8TH |
|
Kane County Cougars batting - Pitching for Fort Wayne TinCaps : RHP Roger Brennan
|
|
Pitching: RHP Zach Monlux
|
|
|
Batting: RHB Franklin Villanueva
|
0-0: Ball 1-0: Foul Ball, location: 2F 1-1: Ball 2-1: Called Strike 2-2: Strikes out swinging
|
|
Batting: LHB T.J. Duvall
|
0-0: Called Strike 0-1: Ball 1-1: Ball 2-1: Foul Ball, location: 2F 2-2: Foul Ball, location: 2F 2-2: Ball 3-2: Ground out U3 (Groundball, 3S, EV 86.9 MPH)
|
|
Batting: RHB Dave Vargas
|
0-0: Ground out 5-3 (Groundball, 56S, EV 83.1 MPH)
|
| Bottom of the 8th over - 0 runs, 0 hits, 0 errors, 0 left on base; Fort Wayne 2 - Kane County 2 |
| TOP OF THE 9TH |
|
Fort Wayne TinCaps batting - Pitching for Kane County Cougars : RHP Jose Fernandez
|
|
Pitching: LHP Wibawa Simbolon
|
|
|
Batting: RHB Nelson Trujillo
|
0-0: Ball 1-0: Foul Ball, location: 2F 1-1: Fly out, F7 (Line Drive, 7, EV 99.4 MPH)
|
|
Batting: SHB Adam Martin
|
0-0: Ball 1-0: Foul Ball, location: 2F 1-1: Foul Ball, location: 2F 1-2: Ball 2-2: Ball 3-2: Ground out 5-3 (Groundball, 56, EV 90.0 MPH)
|
|
Batting: LHB Angel Mejia
|
0-0: Foul Ball, location: 2F 0-1: Ball 1-1: Ball 2-1: Fly out, F9 (Flyball, 9, EV 78.1 MPH)
|
| Top of the 9th over - 0 runs, 0 hits, 0 errors, 0 left on base; Fort Wayne 2 - Kane County 2 |
| BOTTOM OF THE 9TH |
|
Kane County Cougars batting - Pitching for Fort Wayne TinCaps : RHP Zach Monlux
|
|
Pitching: RHP Eddie Starks
|
|
|
Batting: RHB Matt Maxwell
|
0-0: Ball 1-0: Ball 2-0: Fly out, F8 (Flyball, 8RD, EV 96.9 MPH)
|
|
Batting: RHB John Pena
|
0-0: Swinging Strike 0-1: Ball 1-1: Called Strike 1-2: Foul Ball, location: 2F 1-2: Ground out 6-3 (Groundball, 6M, EV 91.3 MPH)
|
|
Batting: RHB Marlon Reda
|
0-0: Called Strike 0-1: Swinging Strike 0-2: Strikes out swinging
|
| Bottom of the 9th over - 0 runs, 0 hits, 0 errors, 0 left on base; Fort Wayne 2 - Kane County 2 |
| TOP OF THE 10TH |
|
Fort Wayne TinCaps batting - Pitching for Kane County Cougars : LHP Wibawa Simbolon
|
|
Batting: RHB Melvin Villagomez
|
0-0: Fly out, F6 (Line Drive, 6, EV 68.8 MPH)
|
|
Batting: RHB Juan Martinez
|
0-0: Called Strike 0-1: Called Strike 0-2: Foul Ball, location: 2F 0-2: Ball 1-2: DOUBLE (Groundball, 5L, EV 103.8 MPH)
|
|
Pinch Hitting: RHB Davey Verhoog
|
0-0: Ball 1-0: Ball 2-0: Foul Ball, location: 2F 2-1: Foul Ball, location: 2F 2-2: SINGLE (Line Drive, 78S, EV 101.3 MPH) Juan Martinez to third Runner from 3rd tries for Home, throw by LF and OUT! 7-2
|
|
Batting: RHB Mike Maserang
|
0-0: Ball 1-0: DOUBLE (Flyball, 78D, EV 97.5 MPH) Davey Verhoog to third Runner from 3rd tries for Home, SAFE, throw by LF to trailing runner, SAFE at third!
|
|
Batting: SHB Josh Parker
|
0-0: Ball 1-0: Ball 2-0: Called Strike 2-1: Foul Ball, location: 2F 2-2: Fly out, F4 (Popup, 4, EV 57.5 MPH)
|
| Top of the 10th over - 1 run, 3 hits, 0 errors, 1 left on base; Fort Wayne 3 - Kane County 2 |
| BOTTOM OF THE 10TH |
|
Kane County Cougars batting - Pitching for Fort Wayne TinCaps : RHP Eddie Starks
|
|
Now in RF: Davey Verhoog
|
|
|
Batting: RHB Curt Barrett
|
0-0: Foul Ball, location: 2F 0-1: Called Strike 0-2: Strikes out looking
|
|
Batting: RHB Wes Santiago
|
0-0: Ball 1-0: Called Strike 1-1: Called Strike 1-2: Strikes out swinging
|
|
Batting: LHB Brian Nielsen
|
0-0: Ball 1-0: Ball 2-0: SINGLE (Groundball, 6MD, EV 102.5 MPH)
|
|
Batting: RHB Franklin Villanueva
|
0-0: Ball 1-0: Swinging Strike 1-1: Ball 2-1: Swinging Strike 2-2: Fly out, F9 (Flyball, 89D, EV 100.0 MPH)
|
| Bottom of the 10th over - 0 runs, 1 hit, 0 errors, 1 left on base; Fort Wayne 3 - Kane County 2 |
|